 Dungeon Crawl Stone Soup version 0.29-a0-923-g6e406bff71 (webtiles) character file.

Game seed: 11612159311815043060

37524 ptdevnull the Fencer (level 13, -1/82 HPs)
             Began as a Tengu Berserker on July 27, 2022.
             Was an Elder of Trog.
             Slain by a catoblepas (11 damage)
             ... while petrified by a catoblepas
             ... on level 5 of the Lair of Beasts.
             The game lasted 00:28:37 (20057 turns).

ptdevnull the Fencer (Tengu Berserker)             Turns: 20057, Time: 00:28:38

Health: -1/82      AC: 11    Str: 18    XL:     13   Next: 97%
Magic:  0/14       EV:  2    Int:  9    God:    Trog [****..]
Gold:   1004       SH:  0    Dex: 17    Spells: 12/12 levels left

rFire   . . .      SeeInvis +   a - +5 scimitar
rCold   . . .      Faith    .   X - +1 kite shield
rNeg    + + +      Spirit   +   b - +1 scale mail {rPois}
rPois   ∞          Reflect  .   v - +0 hat
rElec   .          Harm     .   W - +0 cloak
rCorr   .          Rampage  .   I - +0 pair of gloves
Will    +....                   (boots unavailable)
Stlth   ..........              o - amulet of guardian spirit
HPRegen 0.23/turn               j - ring of willpower
MPRegen 0.14/turn               M - ring of see invisible

@: petrified, on berserk cooldown, flying quickly and evasively, slowed,
studying Long Blades, quick
A: beak, talons 3, nimble flight
a: Renounce Religion, Berserk, Trog's Hand, Brothers in Arms


You were on level 5 of the Lair of Beasts.
You worshipped Trog.
Trog was greatly pleased with you.
You visited 2 branches of the dungeon, and saw 14 of its levels.
You also visited: Sewer and Ossuary.

You collected 1004 gold pieces.

Inventory:

Hand Weapons
 a - a +5 scimitar (weapon)
Missiles
 G - 2 throwing nets (quivered)
Armour
 b - a +1 scale mail of poison resistance (worn)
 v - a +0 hat (worn)
 I - a +0 pair of gloves (worn)
 L - +0 steam dragon scales
 N - a +1 robe of willpower
 O - a +1 ring mail of positive energy
 W - a +0 cloak (worn)
 X - a +1 kite shield (worn)
Jewellery
 j - a ring of willpower (left hand)
 o - an amulet of guardian spirit (around neck)
 M - a ring of see invisible (right hand)
 Q - a ring of protection from cold
Wands
 g - a wand of paralysis (15)
 r - a wand of flame (15)
 A - a wand of light (7)
 R - a wand of iceblast (1)
 Z - a wand of mindburst (2)
Scrolls
 c - a scroll of identify
 f - a scroll of immolation
 h - a scroll of torment {unknown}
 l - 6 scrolls of teleportation
 n - 4 scrolls of vulnerability
 t - 3 scrolls of fear
 y - 2 scrolls of enchant armour
 z - a scroll of butterflies
 F - a scroll of blinking {unknown}
 H - 3 scrolls of poison {unknown}
 P - a scroll of magic mapping
 Y - 3 scrolls of enchant weapon {unknown}
Potions
 d - 2 potions of cancellation
 e - 3 potions of lignification
 i - 7 potions of curing
 k - a potion of berserk rage
 m - 3 potions of might {unknown}
 p - 7 potions of heal wounds
 q - 3 potions of resistance
 s - 2 potions of invisibility
 u - 3 potions of degeneration {unknown}
 B - 3 potions of brilliance {unknown}
 C - a potion of mutation {unknown}
 K - 2 potions of ambrosia {unknown}
 S - 2 potions of haste {unknown}


   Skills:
 - Level 10.0 Fighting
 + Level 18.8 Long Blades
 - Level 6.0 Armour
 - Level 12.0 Dodging
 - Level 8.0 Shields
 - Level 7.0 Evocations


You had 12 spell levels left.
You didn't know any spells.
Your spell library was empty.

Dungeon Overview and Level Annotations

Branches:
Dungeon (9/15)             Temple (0/1) D:5            Lair (5/5) D:8
  Swamp (0/4) Lair:3        Snake (0/4) Lair:2        Slime (0/5) Lair:4
  Sewer (visited)         Ossuary (visited)
    Orc: D:9-12

Altars:
Vehumet
Jiyva

Annotations:
D:3 2 transporters
D:4 exclusion: statue


Innate Abilities, Weirdness & Mutations

You have a beak for a mouth.
You have claws for feet.
Your magical nature lets you fly swiftly and evasively.


Message History

The lindwurm is heavily wounded.
The cane toad is engulfed in calcifying dust.
The rime drake is engulfed in calcifying dust.
The rime drake stops moving altogether!
The lindwurm barely misses you. The lindwurm claws you.
* * * LOW HITPOINT WARNING * * *
The lindwurm barely misses you.
The catoblepas breathes a plume of calcifying dust at you.
The blast of calcifying dust hits the lindwurm.
The blast of calcifying dust hits you!
* * * LOW HITPOINT WARNING * * *
The cane toad is engulfed in calcifying dust.
You have turned to stone.
You are engulfed in calcifying dust.
The lindwurm roars!
The rime drake is engulfed in calcifying dust.
The lindwurm is engulfed in calcifying dust.
The lindwurm is moving more slowly.
The lindwurm bites you but does no damage.
The lindwurm claws you.
* * * LOW HITPOINT WARNING * * *
The lindwurm claws you but does no damage.
The catoblepas breathes a plume of calcifying dust at you.
The blast of calcifying dust hits the lindwurm.
The blast of calcifying dust hits you but does no damage.
You are engulfed in calcifying dust.
The lindwurm roars!
The rime drake is engulfed in calcifying dust.
The lindwurm is engulfed in calcifying dust.
The lindwurm stops moving altogether!
You are engulfed in calcifying dust.
The ice encasing you melts away.
A nearby plant withers and dies.
The catoblepas gores you!
* * * LOW HITPOINT WARNING * * *
The lindwurm is engulfed in calcifying dust.
You are engulfed in calcifying dust.
You are no longer berserk.
You feel as though you will be slow longer.
The catoblepas gores you!!
You die...

............#
##..........###...#
..<..##.....###.........###
#...#
.....###.#.###P.....#....#
#.... ....##
###.###..#####P..## #...P
#....# ##.##...#...#####
##...# .....#
#...#P..#...?# #.....
#....# #..##§..#wH.# #.....
....## #..###§§#k#.# ##...#
P...## #..###..@kF.# #....
#....# #...##...Y......
#.... .....#
##..##.#......... #...P
.....# #.#####...#.....
#.... .....# #.# #..P###.#.
#...# P...## #.## ##### ...
#.... ....## ##..# #. #....
.....# ##...# #.... #...P#
#....# #....


You could see a catoblepas, a torpor snail, a manticore, a lindwurm (petrified),
a cane toad (petrified) and a rime drake (petrified).

Vanquished Creatures
  A fire dragon (Lair:1)
  4 hydras
  A boulder beetle (Lair:1)
  2 catoblepae (Lair:5)
  A two-headed ogre (D:8)
  2 lindwurms
  15 elephants
  Maurice (D:8)
  6 black mambas
  13 cane toads
  4 rime drakes
  7 komodo dragons
  5 polar bears
  A tyrant leech (Lair:3)
  A hornet (D:8)
  2 blink frogs (Lair:5)
  35 yaks
  5 wyverns
  A steam dragon (D:6)
  A basilisk (Lair:5)
  Menkaure (D:7)
  2 nagas (Lair:2)
  16 water moccasins
  3 swamp worms (Lair:3)
  Duvessa (D:5)
  4 black bears (D:8)
  7 ice beasts
  3 centaurs
  10 wolves
  An ogre (D:6)
  An elf zombie (Ossuary)
  4 kobold brigands (Sewer)
  12 bullfrogs
  2 gnoll sergeants (D:8)
  3 necrophages
  8 wights
  Dowan (D:5)
  3 orc priests
  A human zombie (Ossuary)
  4 hounds
  7 orc wizards
  7 hell rats (Lair:5)
  4 mummies
  16 gnolls
  13 adders
  8 river rats (Sewer)
  A shadow imp (D:8)
  A white imp (D:7)
  2 ufetubi (D:6)
  3 dart slugs
  29 orcs
  18 ball pythons
  4 endoplasms
  5 giant cockroaches
  5 hobgoblins
  7 quokkas
  5 bats
  4 frilled lizards
  10 goblins
  3 goblin zombies (Ossuary)
  4 hobgoblin zombies (Ossuary)
  30 kobolds
  3 kobold zombies (Ossuary)
  3 quokka zombies (Ossuary)
  14 rats
  3 rat zombies (Ossuary)
404 creatures vanquished.

Vanquished Creatures (collateral kills)
  2 hydras (Lair:3)
  A cane toad (Lair:3)
  A blink frog (Lair:5)
  A swamp worm (Lair:3)
  A water moccasin (Lair:5)
  A kobold brigand (D:7)
  A gnoll sergeant (D:7)
  4 gnolls
12 creatures vanquished.

Vanquished Creatures (others)
  89 fungi
  81 plants
170 creatures vanquished.

Grand Total: 586 creatures vanquished

Notes
Turn   | Place    | Note
-------+----------+-------------------------------------------
     0 | D:1      | ptdevnull the Tengu Berserker began the quest for the Orb.
     0 | D:1      | Reached XP level 1. HP: 14/14 MP: 2/2
   308 | D:1      | Reached XP level 2. HP: 12/19 MP: 3/3
   497 | D:1      | Reached skill level 4 in Long Blades
   910 | D:2      | Reached XP level 3. HP: 23/23 MP: 4/4
   927 | D:2      | Reached skill level 5 in Long Blades
  1154 | D:2      | Reached XP level 4. HP: 28/28 MP: 5/5
  2004 | D:3      | Reached skill level 6 in Long Blades
  2012 | D:3      | Found a glowing drain.
  2016 | D:3      | Reached ** piety under Trog
  2017 | D:3      | Gained mutation: Your magical nature lets you fly swiftly
                  | and evasively. [Tengu growth]
  2017 | D:3      | Reached XP level 5. HP: 20/32 MP: 4/6
  2129 | Sewer    | Entered a sewer
  2954 | Sewer    | Noticed a kobold brigand
  2954 | Sewer    | Noticed a kobold brigand
  2975 | Sewer    | Noticed a kobold brigand
  2975 | Sewer    | Noticed a kobold brigand
  3008 | Sewer    | Killed a kobold brigand
  3009 | Sewer    | Reached skill level 7 in Long Blades
  3009 | Sewer    | Reached XP level 6. HP: 37/37 MP: 7/7
  3080 | Sewer    | Reached skill level 8 in Long Blades
  3083 | Sewer    | Reached XP level 7. HP: 33/41 MP: 5/8
  3520 | D:3      | Reached *** piety under Trog
  3741 | D:3      | Found a transporter.
  3791 | D:3      | Found a transporter.
  4036 | D:3      | Found a faded altar of an unknown god.
  4234 | D:4      | Found a sand-covered staircase.
  4239 | D:4      | Reached skill level 9 in Long Blades
  4242 | Ossuary  | Entered an ossuary
  4956 | D:4      | Found a radiant altar of Vehumet.
  5324 | D:4      | Reached **** piety under Trog
  5331 | D:4      | Reached skill level 10 in Long Blades
  5536 | D:5      | Entered Level 5 of the Dungeon
  5564 | D:5      | Reached XP level 8. HP: 21/46 MP: 3/9
  5817 | D:5      | Reached skill level 11 in Long Blades
  5989 | D:5      | Noticed Duvessa
  6280 | D:5      | Noticed Dowan
  6283 | D:5      | Killed Duvessa
  6284 | D:5      | Reached skill level 12 in Long Blades
  6288 | D:5      | Killed Dowan
  6677 | D:5      | Reached XP level 9. HP: 50/50 MP: 10/10
  6935 | D:5      | Found a staircase to the Ecumenical Temple.
  7186 | D:6      | Reached skill level 13 in Long Blades
  8067 | D:6      | Identified the +1 leather armour of Yggemot {rF+ rCorr}
  8276 | D:7      | Reached skill level 14 in Long Blades
  8415 | D:7      | Reached ***** piety under Trog
  8583 | D:7      | Noticed Menkaure
  8591 | D:7      | Killed Menkaure
  8876 | D:7      | Reached XP level 10. HP: 28/58 MP: 8/11
  9064 | D:7      | Reached skill level 5 in Fighting
  9419 | D:7      | Reached skill level 5 in Dodging
  9579 | D:8      | Noticed a two-headed ogre
  9590 | D:8      | Killed a two-headed ogre
 10011 | D:8      | Found a staircase to the Lair.
 10494 | D:8      | Noticed Maurice
 10503 | D:8      | Killed Maurice
 10838 | D:8      | Reached XP level 11. HP: 64/68 MP: 12/12
 10985 | D:8      | Reached skill level 1 in Shields
 11328 | Lair:1   | Entered Level 1 of the Lair of Beasts
 11974 | Lair:1   | Noticed a fire dragon
 11985 | Lair:1   | Reached skill level 10 in Dodging
 11992 | Lair:1   | Killed a fire dragon
 11993 | Lair:1   | Reached skill level 5 in Shields
 12952 | Lair:1   | Noticed a boulder beetle
 12974 | Lair:1   | Killed a boulder beetle
 13811 | Lair:2   | Reached XP level 12. HP: 73/73 MP: 13/13
 13869 | Lair:2   | Found a staircase to the Snake Pit.
 13961 | Lair:2   | Noticed a six-headed hydra
 13968 | Lair:2   | Killed an eight-headed hydra
 14741 | Lair:3   | Identified the +0 robe of Ziuq {rF+ Will- Str+3}
 15066 | Lair:3   | Noticed a seven-headed hydra
 15066 | Lair:3   | Noticed a seven-headed hydra
 15074 | Lair:3   | Killed a nine-headed hydra
 15075 | Lair:3   | Reached skill level 5 in Armour
 15081 | Lair:3   | Killed a ten-headed hydra
 15784 | Lair:3   | Found a staircase to the Swamp.
 16570 | Lair:4   | Reached skill level 10 in Fighting
 16626 | Lair:4   | Reached skill level 1 in Evocations
 16694 | Lair:4   | Reached XP level 13. HP: 82/82 MP: 12/14
 16828 | Lair:4   | Reached skill level 5 in Evocations
 17653 | Lair:4   | Found a staircase to the Slime Pits.
 17653 | Lair:4   | Found a viscous altar of Jiyva.
 17688 | Lair:5   | Entered Level 5 of the Lair of Beasts
 18078 | Lair:5   | Reached skill level 15 in Long Blades
 18078 | Lair:5   | HP: 5/123 [komodo dragon (17)]
 18347 | Lair:5   | Reached skill level 16 in Long Blades
 18818 | Lair:5   | Reached skill level 17 in Long Blades
 19614 | Lair:5   | Reached skill level 18 in Long Blades
 20057 | Lair:5   | Slain by a catoblepas

Illustrated notes

Levels and vault maps discovered:
D:1:      roderic_crop_circles_arrival_small, layout_loops_ring
D:2:      layout_basic, minmay_unequal
D:3:      gammafunk_wand_slinger, layout_basic,
          shapermc_ecumenical_altar_ellora, gup_sewer_entry_bubbles
D:4:      layout_basic, vehumet_statue, gup_ossuary_entry_pyramid,
          minmay_snake_closets
D:5:      layout_loops_ring, temple_fountains, uniq_duvessa
D:6:      layout_basic
D:7:      layout_basic, uniq_menkaure
D:8:      layout_basic, due_lair_maze_entry_diamond,
          minmay_fractal_squares_diagonal_5, uniq_maurice
D:9:      layout_basic, david_orc_3, kennysheep_generic_room_7, uniq_psyche,
          uniq_erolcha, uniq_amaemon
Lair:1:   dragon1_lemuel, layout_hall_layers
Lair:2:   layout_loops_ring, minmay_snake_entry_guardpost_small
Lair:3:   layout_regular_city, palyth_hydra_swamp_entry
Lair:4:   layout_long_grid, slime_entry_1
Lair:5:   hangedman_lair_in_review, layout_gridlike, serial_bayou_shore_b

Skill      XL: |  1  2  3  4  5  6  7  8  9 10 11 12 13 |
---------------+----------------------------------------+-----
Long Blades    | 4 5 6 7 8 10 12 14 18 | 18.8
Dodging        | 4 8 10 12 | 12.0
Fighting       | 4 8 10 | 10.0
Shields        | 8 |  8.0
Armour         | 6 |  6.0
Evocations     | 3 7 |  7.0

Action                   |  1- 3 |  4- 6 |  7- 9 | 10-12 | 13-15 || total
-------------------------+-------+-------+-------+-------+-------++-------
Melee: Falchion          |    58 |   154 |    15 |       |       ||   227
       Kick              |    17 |    34 |   102 |   172 |   117 ||   442
       Peck              |     3 |    19 |    51 |   108 |    73 ||   254
       Long sword        |       |       |   197 |       |       ||   197
       Punch             |       |       |     4 |       |       ||     4
       Scimitar          |       |       |    63 |   459 |   284 ||   806
Invok: Berserk           |       |     3 |     3 |    13 |     9 ||    28
       Trog's Hand       |       |     1 |       |       |       ||     1
       Brothers in Arms  |       |       |     1 |     5 |     1 ||     7
Evoke: Wand              |       |       |       |     4 |     6 ||    10
  Use: Potion            |     1 |     1 |       |     1 |     1 ||     4
       Scroll            |       |     1 |    10 |     6 |     1 ||    18
 Stab: Invisible         |     1 |       |       |     1 |       ||     2
       Distracted        |       |       |     1 |       |       ||     1
Armor: Ring mail         |    23 |    35 |    46 |       |       ||   104
       Steam dragon scal |       |       |     6 |       |       ||     6
       Robe              |       |       |       |     4 |       ||     4
       Scale mail        |       |       |       |    69 |    57 ||   126
Dodge: Dodged            |    42 |   102 |   138 |   237 |   146 ||   665
Block: Kite shield       |       |       |       |   211 |   179 ||   390

Table legend: (Time is in decaauts)
 A = Elapsed time spent in this place.
 B = Non-inter-level travel time spent in this place.
 C = Inter-level travel time spent in this place.
 D = Time resting spent in this place.
 E = Time spent auto-exploring this place.
 F = Levels seen in this place.
 G = Mean time per level.
                   A        B        C        D        E       F      G
               +--------+--------+--------+--------+--------+-----+--------+
         Total |  19327 |  18705 |    622 |   3577 |  12646 |  16 | 1207.9 |
       Dungeon |   9448 |   9034 |    414 |   1400 |   6470 |   9 | 1049.8 |
          Lair |   8305 |   8097 |    208 |   1838 |   5281 |   5 | 1661.0 |
         Sewer |   1274 |   1274 |      0 |    338 |    671 |   1 | 1274.0 |
       Ossuary |    299 |    299 |      0 |      0 |    223 |   1 |  299.0 |
               +--------+--------+--------+--------+--------+-----+--------+

Top non-repeatable levels by time:
  Lair:3: 1971 daAuts
  Lair:5: 1970 daAuts
  Lair:1: 1880 daAuts
     D:8: 1752 daAuts
     D:5: 1693 daAuts
  Lair:4: 1444 daAuts
     D:7: 1377 daAuts
   Sewer: 1274 daAuts
     D:2: 1046 daAuts
  Lair:2: 1039 daAuts
     D:4: 981 daAuts
     D:3: 917 daAuts
     D:1: 870 daAuts
     D:6: 807 daAuts
 Ossuary: 299 daAuts
